[Event "BAN-chT SAIF POWERTEC 2020"]
[Site "Dhaka"]
[Date "2021.03.23"]
[Round "5.12"]
[White "Subrota, Biswas"]
[Black "Islam, Mohammad Aminul"]
[Result "1-0"]
[ECO "A53"]
[WhiteElo "2262"]
[BlackElo "2078"]
[Annotator "ChessBase"]
[PlyCount "99"]
[EventDate "2021.03.19"]
[EventType "team-tourn"]
[EventCountry "BAN"]
[SourceTitle "playchess.com"]
[Source "ChessBase"]
[SourceQuality "1"]
[TimeControl "5400+30"]

1. d4 Nf6 2. c4 d6 3. Nc3 e5 4. d5 c6 5. e4 Be7 6. Be2 Na6 7. Be3 Qa5 8. f3 O-O 9. a3 cxd5 10. cxd5 Bd7 11. b4 Qd8 12. Bd3 Nh5 13. Qd2 Nf4 14. Bc2 Rc8 15. g3 Qc7 16. gxf4 Qxc3 17. Qxc3 Rxc3 18. Kd2 Rfc8 19. Bd3 exf4 20. Bd4 Bf6 21. Bxf6 gxf6 22. Ne2 Rb3 23. Ra2 Kf8 24. Rf1 Nb8 25. Bc2 Re3 26. Bd3 Rxd3+ 27. Kxd3 Bb5+ 28. Kd2 Nd7 29. Rc1 Rxc1 30. Nxc1 Ne5 31. Kc3 Bc4 32. Nb3 f5 33. exf5 Bxd5 34. Rd2 Bxb3 35. Kxb3 Ke7 36. Rd4 Kf6 37. Rxf4 b5 38. Rh4 Kg7 39. Rd4 Kf6 40. Rxd6+ Kxf5 41. Rh6 Nxf3 42. Rxh7 Kg6 43. Rh3 Nd4+ 44. Kc3 Ne2+ 45. Kd2 Nf4 46. Rg3+ Kf5 47. Ke3 Nd5+ 48. Kf3 Nf6 49. h4 Nh7 50. Rg7 1-0

[Event "BAN-chT SAIF POWERTEC 2020"]
[Site "Dhaka"]
[Date "2021.03.25"]
[Round "7.3"]
[White "Ahmed, Sheikh Nasir"]
[Black "Mollah Abdullah, Al Rakib"]
[Result "1-0"]
[ECO "B06"]
[WhiteElo "2193"]
[BlackElo "2463"]
[Annotator "RC"]
[PlyCount "116"]
[EventDate "2021.03.19"]
[EventType "team-tourn"]
[EventCountry "BAN"]
[SourceTitle "playchess.com"]
[Source "ChessBase"]
[SourceQuality "1"]
[TimeControl "5400+30"]

1. e4 g6 2. d4 Bg7 3. Nc3 d6 4. Be3 a6 5. Qd2 b5 6. a3 Nd7 7. f4 e6 8. Nf3 Bb7 9. Bd3 Ne7 10. O-O d5 11. Bf2 dxe4 12. Bxe4 Bxe4 13. Nxe4 Nf6 14. Nc5 O-O 15. a4 Qd5 16. Rfe1 Ng4 17. c3 Nf5 18. Ne5 Nxf2 19. Qxf2 Rfd8 20. Qf3 Qxf3 21. Nxf3 Bf8 22. Nd3 Bd6 23. Nfe5 Ne7 24. g3 b4 25. Rec1 bxc3 26. bxc3 f6 27. Nc4 Rab8 28. Rab1 Kf7 29. Kf2 Nd5 30. Nxd6+ cxd6 31. c4 Ne7 32. a5 Nc6 33. d5 Rxb1 34. Rxb1 Nxa5 35. dxe6+ Kxe6 36. c5 Rc8 37. Ra1 Nb3 38. Rxa6 Nxc5 39. Nxc5+ Rxc5 40. Kf3 Rc2 41. h3 Rc3+ 42. Kf2 h5 43. h4 Kd5 44. Rb6 Rd3 45. Rb4 Rd4 46. Rb8 Ke4 47. Rg8 Kf5 48. Kg2 Rd2+ 49. Kf3 Rd3+ 50. Kf2 d5 51. Rg7 d4 52. Rg8 Ra3 53. Rd8 d3 54. Rd6 Rb3 55. Kf3 d2+ 56. Kf2 Kg4 57. Rxd2 Rf3+ 58. Ke2 Rxg3 1-0

[Event "BAN-chT SAIF POWERTEC 2020"]
[Site "Dhaka"]
[Date "2021.03.26"]
[Round "8.4"]
[White "Rahman, Taibur"]
[Black "Mehdi Hasan Parag"]
[Result "0-1"]
[ECO "D38"]
[WhiteElo "2215"]
[BlackElo "2204"]
[Annotator "ChessBase"]
[PlyCount "80"]
[EventDate "2021.03.19"]
[EventType "team-tourn"]
[EventCountry "BAN"]
[SourceTitle "playchess.com"]
[Source "ChessBase"]
[SourceQuality "1"]
[TimeControl "5400+30"]

1. d4 Nf6 2. c4 e6 3. Nf3 d5 4. Nc3 Bb4 5. cxd5 exd5 6. Bg5 h6 7. Bh4 O-O 8. e3 Bf5 9. Be2 Nbd7 10. O-O c6 11. Qb3 Bxc3 12. bxc3 g5 13. Bg3 Ne4 14. Qxb7 Qb6 15. Qa6 Nxc3 16. Rfc1 Nxe2+ 17. Qxe2 Rfe8 18. Ne5 Nxe5 19. Bxe5 Re6 20. Rc3 Rae8 21. Rb3 Qa5 22. Rc1 f6 23. Bg3 Kg7 24. Rb7+ R8e7 25. Rb8 Qa3 26. Qd2 Qd3 27. Qb2 h5 28. h4 gxh4 29. Bxh4 Qe4 30. Bg3 h4 31. Bf4 Bh7 32. Rb7 h3 33. f3 Qd3 34. Rxe7+ Rxe7 35. Rxc6 Bf5 36. Qf2 hxg2 37. Qg3+ Kh8 38. Qf2 Rh7 39. Kxg2 Bh3+ 40. Kg1 Qb1+ 0-1

[Event "BAN-chT SAIF POWERTEC 2020"]
[Site "Dhaka"]
[Date "2021.03.26"]
[Round "8.8"]
[White "Manon, Reja Neer"]
[Black "Asif, Mahmud"]
[Result "1-0"]
[ECO "C55"]
[WhiteElo "2143"]
[BlackElo "1907"]
[Annotator "ChessBase"]
[PlyCount "114"]
[EventDate "2021.03.19"]
[EventType "team-tourn"]
[EventCountry "BAN"]
[SourceTitle "playchess.com"]
[Source "ChessBase"]
[SourceQuality "1"]
[TimeControl "5400+30"]

1. e4 e5 2. Nf3 Nc6 3. Bb5 a6 4. Ba4 Nf6 5. O-O Be7 6. d3 b5 7. Bb3 d6 8. h3 O-O 9. c3 Na5 10. Bc2 c5 11. Be3 Qc7 12. Nbd2 Bb7 13. d4 Nc6 14. d5 Nb8 15. Nh2 Nbd7 16. f4 Rfe8 17. f5 c4 18. g4 h6 19. h4 Nh7 20. Ndf3 Qd8 21. Qe1 Rc8 22. Qg3 f6 23. Qg2 a5 24. Qd2 Bf8 25. Kh1 Ba6 26. Rg1 b4 27. g5 fxg5 28. hxg5 bxc3 29. bxc3 h5 30. f6 Nhxf6 31. gxf6 Nxf6 32. Qg2 Rb8 33. Bh6 Qc7 34. Nh4 Re7 35. Raf1 Rf7 36. Nf5 Bc8 37. Nxg7 Ng4 38. Nxh5 Rxf1 39. Rxf1 Bxh6 40. Nxg4 Bxg4 41. Qxg4+ Kh8 42. Qe6 Bf4 43. Nxf4 exf4 44. Qh6+ Qh7 45. Qxh7+ Kxh7 46. e5+ Kg7 47. exd6 Rd8 48. Rxf4 Rxd6 49. Rd4 Kf6 50. Ba4 Ke5 51. Bc6 Rh6+ 52. Kg2 Rg6+ 53. Kf2 Rf6+ 54. Ke3 Rh6 55. Re4+ Kf5 56. Rxc4 Ke5 57. Ra4 Rh8 1-0

[Event "BAN-chT SAIF POWERTEC 2020"]
[Site "Dhaka"]
[Date "2021.03.26"]
[Round "8.9"]
[White "Rahman, Syed Mahfuzur"]
[Black "Chowdhury, Sohel"]
[Result "1-0"]
[ECO "D52"]
[WhiteElo "2158"]
[BlackElo "2149"]
[Annotator "ChessBase"]
[PlyCount "101"]
[EventDate "2021.03.19"]
[EventType "team-tourn"]
[EventCountry "BAN"]
[SourceTitle "playchess.com"]
[Source "ChessBase"]
[SourceQuality "1"]
[TimeControl "5400+30"]

1. d4 d5 2. c4 c6 3. Nc3 Nf6 4. Nf3 e6 5. Qb3 Nbd7 6. Bg5 Qa5 7. Bxf6 Nxf6 8. e3 Ne4 9. Bd3 Nxc3 10. bxc3 Be7 11. O-O O-O 12. Ne5 Bf6 13. f4 g6 14. g4 Bg7 15. g5 Qc7 16. Rac1 Bd7 17. cxd5 cxd5 18. c4 Rac8 19. cxd5 Qxc1 20. Rxc1 Rxc1+ 21. Kf2 Bxe5 22. fxe5 exd5 23. Qxd5 Be6 24. Qxb7 Ra1 25. d5 Rxa2+ 26. Kg3 Bc8 27. Qb3 Ra5 28. h4 Re8 29. Bb5 Rf8 30. Qc4 Ra3 31. Qc5 Ra5 32. Qb4 Ra1 33. Qe7 Rg1+ 34. Kf2 Rb1 35. Bc6 a5 36. d6 Be6 37. h5 gxh5 38. d7 Rbb8 39. Qf6 Rfd8 40. Qh6 Bf5 41. Qd6 h4 42. Kf3 h3 43. Kg3 Be6 44. Qe7 Rf8 45. Qc5 Rfd8 46. Qe7 Rf8 47. Kh4 Rb4+ 48. Kh5 Bg4+ 49. Kh6 Bxd7 50. g6 Rh4+ 51. Qxh4 1-0

[Event "BAN-chT SAIF POWERTEC 2020"]
[Site "Dhaka"]
[Date "2021.03.26"]
[Round "8.12"]
[White "Chatterjee, Debaraj"]
[Black "Mihir Lal, Das"]
[Result "0-1"]
[ECO "E11"]
[WhiteElo "2223"]
[BlackElo "1964"]
[Annotator "ChessBase"]
[PlyCount "84"]
[EventDate "2021.03.19"]
[EventType "team-tourn"]
[EventCountry "BAN"]
[SourceTitle "playchess.com"]
[Source "ChessBase"]
[SourceQuality "1"]
[TimeControl "5400+30"]

1. d4 Nf6 2. c4 e6 3. g3 d5 4. Nf3 Bb4+ 5. Bd2 Be7 6. Bg2 O-O 7. O-O Ne4 8. Qc2 Nxd2 9. Nbxd2 c6 10. e4 dxe4 11. Nxe4 Nd7 12. Rfd1 Nf6 13. Ne5 Qc7 14. Nxf6+ Bxf6 15. Qe4 c5 16. f4 cxd4 17. Rxd4 Be7 18. Kh1 f6 19. Nf3 a5 20. Rad1 Ra6 21. b3 a4 22. R4d3 axb3 23. axb3 Ra2 24. Bh3 Qb6 25. Qe3 Bc5 26. Qe1 Qc6 27. Bg2 b6 28. Nd2 Qc7 29. Qe4 Qf7 30. Qf3 f5 31. h4 h6 32. h5 Kh7 33. Qe2 Rg8 34. Kh2 g6 35. hxg6+ Qxg6 36. Bh3 h5 37. Qf3 Rg7 38. Bg2 h4 39. gxh4 Bb7 40. Qxb7 Rxb7 41. Bxb7 Qg4 42. Rf1 Qe2+ 0-1

[Event "BAN-chT SAIF POWERTEC 2020"]
[Site "Dhaka"]
[Date "2021.03.27"]
[Round "9.6"]
[White "Kovalev, Vladislav"]
[Black "Puranik, Abhimanyu"]
[Result "*"]
[ECO "D13"]
[WhiteElo "2648"]
[BlackElo "2584"]
[Annotator "RC"]
[PlyCount "23"]
[EventDate "2021.03.19"]
[EventType "team-tourn"]
[EventCountry "BAN"]
[SourceTitle "playchess.com"]
[Source "ChessBase"]
[SourceQuality "1"]
[TimeControl "5400+30"]

1. d4 d5 2. c4 c6 3. Nc3 Nf6 4. cxd5 cxd5 5. Bf4 Nc6 6. e3 a6 7. Be2 Bf5 8. Nf3 e6 9. Qb3 Bd6 10. Bxd6 Qxd6 11. Qxb7 O-O 12. Qb3 *

[Event "BAN-chT SAIF POWERTEC 2020"]
[Site "Dhaka"]
[Date "2021.03.27"]
[Round "9.7"]
[White "Narayanan.S.L"]
[Black "Reefat, Bin-Sattar"]
[Result "*"]
[ECO "C80"]
[WhiteElo "2618"]
[BlackElo "2409"]
[Annotator "ChessBase"]
[PlyCount "39"]
[EventDate "2021.03.19"]
[EventType "team-tourn"]
[EventCountry "BAN"]
[SourceTitle "playchess.com"]
[Source "ChessBase"]
[SourceQuality "1"]
[TimeControl "5400+30"]

1. e4 e5 2. Nf3 Nc6 3. Bb5 a6 4. Ba4 Nf6 5. O-O Nxe4 6. d4 b5 7. Bb3 d5 8. dxe5 Be6 9. Nbd2 Nc5 10. c3 d4 11. Bxe6 Nxe6 12. cxd4 Ncxd4 13. a4 Bb4 14. axb5 Nxb5 15. Ne4 Qxd1 16. Rxd1 Ke7 17. Be3 Rhd8 18. Rdc1 Rd5 19. g4 a5 20. Kg2 *

[Event "BAN-chT SAIF POWERTEC 2020"]
[Site "Dhaka"]
[Date "2021.03.28"]
[Round "10.1"]
[White "Mohammad Fahad, Rahman"]
[Black "Md., Matiur Rahman (Mamu"]
[Result "1-0"]
[ECO "C88"]
[WhiteElo "2307"]
[BlackElo "2158"]
[Annotator "NA"]
[PlyCount "67"]
[EventDate "2021.03.19"]
[EventType "team-tourn"]
[EventCountry "BAN"]
[SourceTitle "playchess.com"]
[Source "ChessBase"]
[SourceQuality "1"]
[TimeControl "5400+30"]

1. e4 e5 2. Nf3 Nc6 3. Bb5 a6 4. Ba4 Nf6 5. O-O b5 6. Bb3 Be7 7. Re1 O-O 8. a4 Rb8 9. axb5 axb5 10. c3 d6 11. d4 Qd7 12. Nbd2 Bb7 13. d5 Nd8 14. Nf1 Bc8 15. Ng3 Nb7 16. Be3 Ng4 17. Ba7 Ra8 18. Qe2 Qe8 19. c4 bxc4 20. Qxc4 Bd8 21. Ba4 Bd7 22. Bc6 Bxc6 23. Qxc6 Qxc6 24. dxc6 Rxa7 25. Rxa7 Nc5 26. h3 Nh6 27. b4 Ne6 28. b5 g6 29. Rd1 f5 30. b6 cxb6 31. Rxd6 fxe4 32. Rxe6 exf3 33. c7 Bxc7 34. Rxc7 1-0

[Event "BAN-chT SAIF POWERTEC 2020"]
[Site "Dhaka"]
[Date "2021.03.28"]
[Round "10.1"]
[White "Rahman, Syed Mahfuzur"]
[Black "Mohammad Fahad, Rahman"]
[Result "0-1"]
[ECO "D45"]
[WhiteElo "2158"]
[BlackElo "2307"]
[Annotator "NA"]
[PlyCount "72"]
[EventDate "2021.03.19"]
[EventType "team-tourn"]
[EventCountry "BAN"]
[SourceTitle "playchess.com"]
[Source "ChessBase"]
[SourceQuality "1"]
[TimeControl "5400+30"]

1. d4 d5 2. c4 c6 3. Nc3 Nf6 4. Nf3 e6 5. e3 Nbd7 6. Qc2 Bd6 7. Be2 O-O 8. O-O dxc4 9. e4 e5 $1 10. Be3 b5 11. a4 $15 b4 12. Nb1 exd4 13. Bxd4 c5 14. Bxf6 Qxf6 15. Nbd2 c3 16. bxc3 Ne5 17. a5 bxc3 18. Qxc3 Nxf3+ 19. Qxf3 Qh6 20. g3 Qxd2 21. Rad1 Qxa5 22. Rxd6 Be6 23. Rc1 Rfd8 24. Rc6 Rac8 25. Ra6 Qd2 26. Rd1 Qb2 27. Rxd8+ Rxd8 28. Rxa7 Rc8 29. Ba6 Qa1+ 30. Kg2 Bc4 31. Qf5 Rf8 32. Qxc5 Qf1+ 33. Kf3 Bxa6 34. Qc6 Qd1+ 35. Kf4 Qd2+ 36. Kf3 Be2+ 0-1

[Event "BAN-chT SAIF POWERTEC 2020"]
[Site "Dhaka"]
[Date "2021.03.28"]
[Round "10.2"]
[White "Sadhwani, Raunak"]
[Black "Bhuiyan, Golam Mostafa"]
[Result "1-0"]
[ECO "E65"]
[WhiteElo "2545"]
[BlackElo "2055"]
[Annotator "ChessBase"]
[PlyCount "95"]
[EventDate "2021.03.19"]
[EventType "team-tourn"]
[EventCountry "BAN"]
[SourceTitle "playchess.com"]
[Source "ChessBase"]
[SourceQuality "1"]
[TimeControl "5400+30"]

1. c4 Nf6 2. Nf3 g6 3. g3 Bg7 4. Bg2 d6 5. O-O O-O 6. Nc3 c5 7. d4 Nbd7 8. b3 Rb8 9. Bb2 a6 10. a4 e6 11. dxc5 dxc5 12. Qd6 Ne8 13. Qd2 Nef6 14. Rfd1 Qc7 15. Qd6 Qxd6 16. Rxd6 Re8 17. Rad1 Bf8 18. R6d3 Bg7 19. Kf1 Re7 20. Bc1 h6 21. a5 b6 22. axb6 Bb7 23. Na4 Bc6 24. Bf4 e5 25. Nxe5 Bxg2+ 26. Kxg2 Nxe5 27. Rd8+ Rxd8 28. Rxd8+ Ne8 29. b7 Nc6 30. Nxc5 Bd4 31. Rxd4 Rxb7 32. Rd3 Ra7 33. Bxh6 a5 34. Be3 Ra8 35. h4 Kg7 36. Bd2 Kg8 37. Bc3 Ng7 38. g4 Ra7 39. Rd5 Ne8 40. h5 Nb4 41. Rd8 Kf8 42. h6 f6 43. Ne6+ Ke7 44. h7 Kxe6 45. Rxe8+ Kd6 46. h8=Q Rf7 47. Bxf6 Nc6 48. g5 1-0

[Event "BAN-chT SAIF POWERTEC 2020"]
[Site "Dhaka"]
[Date "2021.03.28"]
[Round "10.2"]
[White "Sahu, Sekhar Chandra"]
[Black "Ganguly, Surya Shekhar"]
[Result "1/2-1/2"]
[ECO "E76"]
[WhiteElo "2049"]
[BlackElo "2635"]
[Annotator "ChessBase"]
[PlyCount "68"]
[EventDate "2021.03.19"]
[EventType "team-tourn"]
[EventCountry "BAN"]
[SourceTitle "playchess.com"]
[Source "ChessBase"]
[SourceQuality "1"]
[TimeControl "5400+30"]

1. c4 Nf6 2. Nc3 g6 3. e4 d6 4. d4 Bg7 5. f4 c5 6. dxc5 Qa5 7. Bd3 Qxc5 8. Nf3 Nc6 9. Na4 Qa5+ 10. Nc3 Be6 11. Bd2 Qb6 12. Nd5 Bxd5 13. cxd5 Nb8 14. Qb3 Nfd7 15. Qxb6 axb6 16. Bc3 Bxc3+ 17. bxc3 Nc5 18. Kd2 Nbd7 19. Bc2 O-O 20. Nd4 Ra3 21. Nb5 Ra5 22. a4 Rfa8 23. Nc7 Rc8 24. Nb5 Nf6 25. Rhe1 Kf8 26. c4 Ncd7 27. Kc3 h6 28. g3 g5 29. Kb4 Raa8 30. Re2 Nc5 31. Rf1 Na6+ 32. Kb3 Nc5+ 33. Kb4 Na6+ 34. Kb3 Nc5+ 1/2-1/2

[Event "BAN-chT SAIF POWERTEC 2020"]
[Site "Dhaka"]
[Date "2021.03.28"]
[Round "10.3"]
[White "Sadhwani, Raunak"]
[Black "Deshmukh, Anup"]
[Result "1-0"]
[ECO "A40"]
[WhiteElo "2545"]
[BlackElo "2190"]
[Annotator "ChessBase"]
[PlyCount "51"]
[EventDate "2021.03.19"]
[EventType "team-tourn"]
[EventCountry "BAN"]
[SourceTitle "playchess.com"]
[Source "ChessBase"]
[SourceQuality "1"]
[TimeControl "5400+30"]

1. d4 c6 2. Bf4 Qb6 3. b3 d6 4. e3 g5 5. Bg3 Bg7 6. h4 c5 7. c3 g4 8. h5 cxd4 9. exd4 Nc6 10. Nd2 d5 11. Ne2 h6 12. Nf4 Nf6 13. Bh4 Nxd4 14. cxd4 Qxd4 15. Bg3 Ne4 16. Nxe4 Qxe4+ 17. Be2 Bc3+ 18. Kf1 e6 19. Rc1 Bb2 20. Rc2 Bg7 21. Bxg4 Bd7 22. Kg1 O-O 23. Nxd5 Rfd8 24. Bf3 Qh7 25. Ne7+ Kh8 26. Rd2 1-0

[Event "BAN-chT SAIF POWERTEC 2020"]
[Site "Dhaka"]
[Date "2021.03.28"]
[Round "10.3"]
[White "Sanket Chakravarty"]
[Black "Mollah Abdullah, Al Rakib"]
[Result "1/2-1/2"]
[ECO "A10"]
[WhiteElo "2106"]
[BlackElo "2463"]
[Annotator "ChessBase"]
[PlyCount "48"]
[EventDate "2021.03.19"]
[EventType "team-tourn"]
[EventCountry "BAN"]
[SourceTitle "playchess.com"]
[Source "ChessBase"]
[SourceQuality "1"]
[TimeControl "5400+30"]

1. c4 g6 2. Nc3 Bg7 3. g3 e6 4. Bg2 Ne7 5. e4 b6 6. Nge2 Bb7 7. O-O d6 8. d3 Nd7 9. Be3 O-O 10. Qd2 Ne5 11. h3 f5 12. f4 N5c6 13. Rab1 Qd7 14. b4 Rae8 15. Rfe1 Kh8 16. a3 Nd8 17. Rbc1 Ndc6 18. Rcd1 Ng8 19. Nb5 Nf6 20. Nbc3 Nh5 21. Kh2 Nf6 22. Kg1 Nh5 23. Kh2 Nf6 24. Kg1 Nh5 1/2-1/2

[Event "BAN-chT SAIF POWERTEC 2020"]
[Site "Dhaka"]
[Date "2021.03.28"]
[Round "10.4"]
[White "Rahman, Ziaur"]
[Black "Islam, Khandaker Aminul"]
[Result "1-0"]
[ECO "A50"]
[WhiteElo "2419"]
[BlackElo "2174"]
[Annotator "NA"]
[PlyCount "73"]
[EventDate "2021.03.19"]
[EventType "team-tourn"]
[EventCountry "BAN"]
[SourceTitle "playchess.com"]
[Source "ChessBase"]
[SourceQuality "1"]
[TimeControl "5400+30"]

1. Nf3 b6 2. g3 Bb7 3. Bg2 g6 4. O-O Bg7 5. d4 Nf6 6. c4 d6 7. d5 e5 8. Nc3 O-O 9. e4 Nbd7 10. Bg5 h6 11. Be3 a5 12. Qc1 Kh7 13. Qc2 Nc5 14. Rab1 Bc8 15. a3 Nfxe4 16. Nxe4 Nxe4 17. Qxe4 Bf5 18. Qh4 Qxh4 19. Nxh4 Bxb1 20. Rxb1 f5 21. b3 f4 (21... Bf6 $142) 22. Bd2 Bf6 23. Be4 Bxh4 24. gxh4 Kg7 25. Kg2 Kf6 26. f3 h5 27. Be1 g5 (27... Rg8 {was necessary.} 28. Kh3 Kg7) 28. hxg5+ Kxg5 29. Kh3 Kh6 30. Rb2 $18 Rg8 31. Bh4 Rg1 32. Rg2 Rg8 33. Rxg1 Rxg1 34. Bd8 Rg7 35. Kh4 Rg2 36. h3 Rg7 37. a4 1-0

[Event "BAN-chT SAIF POWERTEC 2020"]
[Site "Dhaka"]
[Date "2021.03.28"]
[Round "10.5"]
[White "Adhiban, B.."]
[Black "Abu Sufian, Shakil"]
[Result "1-0"]
[ECO "B12"]
[WhiteElo "2659"]
[BlackElo "2244"]
[Annotator "ChessBase"]
[PlyCount "73"]
[EventDate "2021.03.19"]
[EventType "team-tourn"]
[EventCountry "BAN"]
[SourceTitle "playchess.com"]
[Source "ChessBase"]
[SourceQuality "1"]
[TimeControl "5400+30"]

1. e4 c6 2. d4 d5 3. f3 e6 4. Nc3 Bb4 5. Bd2 b6 6. a3 Bxc3 7. Bxc3 Ba6 8. Bxa6 Nxa6 9. Ne2 Nf6 10. Qd3 Nc7 11. O-O a5 12. Rad1 O-O 13. Be1 Nfe8 14. a4 Nd6 15. b3 f5 16. e5 Nc8 17. h4 Qd7 18. Qe3 Ne7 19. h5 Qe8 20. Nf4 g5 21. hxg6 Nxg6 22. Kf2 Nxf4 23. Qxf4 Rf7 24. Rh1 c5 25. Rh6 c4 26. Bd2 Rg7 27. Rdh1 cxb3 28. cxb3 Na6 29. Qh4 Raa7 30. Rxe6 Qxe6 31. Qd8+ Kf7 32. Rh6 Qxh6 33. Bxh6 Rg6 34. Qf8+ Ke6 35. Qc8+ Ke7 36. Bf8+ Kf7 37. Bd6 1-0

[Event "BAN-chT SAIF POWERTEC 2020"]
[Site "Dhaka"]
[Date "2021.03.28"]
[Round "10.6"]
[White "Narayanan.S.L"]
[Black "Reefat, Bin-Sattar"]
[Result "1-0"]
[ECO "D13"]
[WhiteElo "2618"]
[BlackElo "2409"]
[Annotator "ChessBase"]
[PlyCount "43"]
[EventDate "2021.03.19"]
[EventType "team-tourn"]
[EventCountry "BAN"]
[SourceTitle "playchess.com"]
[Source "ChessBase"]
[SourceQuality "1"]
[TimeControl "5400+30"]

1. d4 d5 2. c4 c6 3. Nc3 Nf6 4. cxd5 cxd5 5. Bf4 Nc6 6. e3 a6 7. Be2 Bf5 8. Nf3 e6 9. Qb3 Bd6 10. Bxd6 Qxd6 11. Qxb7 O-O 12. Qb3 Nb4 13. O-O Nc2 14. Rab1 Rfb8 15. Qa4 Rb4 16. Qa5 Rab8 17. b3 Qc6 18. Na4 Nxe3 19. Rbc1 Nc4 20. Qc5 Qa8 21. Nc3 Nd7 22. Qe7 1-0

[Event "BAN-chT SAIF POWERTEC 2020"]
[Site "Dhaka"]
[Date "2021.03.28"]
[Round "10.6"]
[White "Mohammad Minhaz Uddin"]
[Black "Kovalev, Vladislav"]
[Result "1/2-1/2"]
[ECO "B29"]
[WhiteElo "2295"]
[BlackElo "2648"]
[Annotator "ChessBase"]
[PlyCount "59"]
[EventDate "2021.03.19"]
[EventType "team-tourn"]
[EventCountry "BAN"]
[SourceTitle "playchess.com"]
[Source "ChessBase"]
[SourceQuality "1"]
[TimeControl "5400+30"]

1. e4 c5 2. Nf3 Nf6 3. Nc3 d5 4. e5 Ne4 5. Bb5+ Nc6 6. Nxe4 dxe4 7. Ng5 Qd4 8. Qe2 Bf5 9. f4 exf3 10. Bxc6+ bxc6 11. Nxf3 Qd5 12. d3 g6 13. b3 Bg7 14. Bb2 O-O 15. O-O Rad8 16. Rae1 Bg4 17. h3 Bxf3 18. Rxf3 f5 19. exf6 Bxf6 20. Be5 Rf7 21. Re3 Rdf8 22. Re4 Bg5 23. Bg3 Bf6 24. Be5 Bg5 25. Bg3 Bf6 26. Kh2 Bc3 27. Rd1 Bf6 28. Re1 Bc3 29. Rd1 Bf6 30. Re1 1/2-1/2

[Event "BAN-chT SAIF POWERTEC 2020"]
[Site "Dhaka"]
[Date "2021.03.28"]
[Round "10.7"]
[White "Kovalev, Vladislav"]
[Black "Puranik, Abhimanyu"]
[Result "0-1"]
[ECO "C80"]
[WhiteElo "2648"]
[BlackElo "2584"]
[Annotator "ChessBase"]
[PlyCount "120"]
[EventDate "2021.03.19"]
[EventType "team-tourn"]
[EventCountry "BAN"]
[SourceTitle "playchess.com"]
[Source "ChessBase"]
[SourceQuality "1"]
[TimeControl "5400+30"]

1. e4 e5 2. Nf3 Nc6 3. Bb5 a6 4. Ba4 Nf6 5. O-O Nxe4 6. d4 b5 7. Bb3 d5 8. dxe5 Be6 9. Nbd2 Nc5 10. c3 d4 11. Bxe6 Nxe6 12. cxd4 Ncxd4 13. a4 Bb4 14. axb5 Nxb5 15. Ne4 Qxd1 16. Rxd1 Ke7 17. Be3 Rhd8 18. Rdc1 Rd5 19. g4 a5 20. Kg2 c5 21. Ra4 Nbd4 22. Nc3 Rd7 23. Na2 Nb3 24. Nxb4 cxb4 25. Rc4 Rb8 26. Nh4 Rd5 27. f4 g5 28. Nf5+ Kd7 29. fxg5 Rxe5 30. Kf3 Rbb5 31. h4 Rbd5 32. Re4 Nec5 33. Rxe5 Rxe5 34. Ra2 Nd3 35. Nd4 Ndc1 36. Ra4 Nxd4+ 37. Bxd4 Rd5 38. Ke4 Ke6 39. Bf6 Nb3 40. Ra2 Rc5 41. h5 Rc4+ 42. Kf3 Kd7 43. Kg3 Kc6 44. Kh4 Kb5 45. g6 fxg6 46. hxg6 hxg6 47. Kg5 a4 48. Bg7 Nc5 49. Be5 Re4 50. Bf6 Nb3 51. Bh8 Rc4 52. Bg7 Nd2 53. Ra1 Nf3+ 54. Kh6 Rxg4 55. Bf6 Rg2 56. Rc1 Nd2 57. Rc8 Ne4 58. Be5 Nf2 59. Rb8+ Kc4 60. Bd6 Nd3 0-1

[Event "BAN-chT SAIF POWERTEC 2020"]
[Site "Dhaka"]
[Date "2021.03.28"]
[Round "10.7"]
[White "Reefat, Bin-Sattar"]
[Black "Islam, Khandaker Aminul"]
[Result "1-0"]
[ECO "C45"]
[WhiteElo "2409"]
[BlackElo "2174"]
[Annotator "NA"]
[PlyCount "65"]
[EventDate "2021.03.19"]
[EventType "team-tourn"]
[EventCountry "BAN"]
[SourceTitle "playchess.com"]
[Source "ChessBase"]
[SourceQuality "1"]
[TimeControl "5400+30"]

1. e4 e5 2. Nf3 Nc6 3. d4 exd4 4. Nxd4 Bc5 5. Be3 Qf6 6. c3 Nge7 7. Bb5 a6 8. Ba4 Ba7 9. O-O Ne5 10. Nd2 h5 11. N2f3 Nxf3+ 12. Nxf3 $14 Bxe3 13. fxe3 Rf8 14. c4 Nc6 15. Qd2 Qe7 16. Qd5 g6 17. e5 Nb4 18. Qd2 Nc6 19. Rad1 Rb8 20. Qd5 Nb4 21. Qe4 b5 22. cxb5 axb5 23. Bb3 c5 24. a3 Na6 25. Bd5 Nc7 26. Qf4 Rb6 27. e4 Ne6 28. Bxe6 Rxe6 29. Ng5 Rxe5 30. Nh7 Rh8 31. Nf6+ Kd8 32. Rd5 Re6 33. Nxd7 1-0

[Event "BAN-chT SAIF POWERTEC 2020"]
[Site "Dhaka"]
[Date "2021.03.28"]
[Round "10.8"]
[White "Subrota, Biswas"]
[Black "Mehdi Hasan Parag"]
[Result "1-0"]
[ECO "B12"]
[WhiteElo "2262"]
[BlackElo "2204"]
[Annotator "NA"]
[PlyCount "74"]
[EventDate "2021.03.19"]
[EventType "team-tourn"]
[EventCountry "BAN"]
[SourceTitle "playchess.com"]
[Source "ChessBase"]
[SourceQuality "1"]
[TimeControl "5400+30"]

1. e4 c6 2. d4 d5 3. e5 Bf5 4. Nf3 e6 5. Be2 Ne7 6. O-O h6 {[%emt 0:00:09] 6...h6 is a critical line.} 7. a4 Nd7 8. a5 g5 9. a6 b6 10. b4 {[%emt 0:00:43] [#]} b5 $146 ({Predecessor:} 10... Bg7 11. Ne1 O-O 12. f4 gxf4 13. Bxf4 Ng6 14. Bd3 Bxd3 15. Nxd3 c5 16. c3 Rc8 {1-0 (40) Abdusattorov,N (2627)-Arutinian,D (2549) chess.com INT 2020}) 11. Ne1 Bg7 12. Nd3 Qc7 13. Na3 O-O 14. f4 gxf4 15. Nxf4 ({White should try} 15. c3 $14) 15... Bg6 16. Bd3 Kh7 17. c3 Nf5 18. Ra2 Nxe5 19. dxe5 Bxe5 $18 20. g4 Ne7 21. Raf2 Bg7 22. Bxg6+ Nxg6 23. Nh5 Bxc3 24. Bxh6 Qe5 25. Bxf8 Rxf8 26. Nf6+ Kg7 27. Nd7 Qe4 28. Nxf8 Kxf8 29. Qf3 Qxf3 30. Rxf3 Bd4+ 31. Kh1 Ne5 32. Rf6 Ke7 33. Nc2 Bb6 34. R6f4 Kd6 35. g5 d4 36. Nxd4 Nd3 37. Rxf7 Kd5 1-0

[Event "BAN-chT SAIF POWERTEC 2020"]
[Site "Dhaka"]
[Date "2021.03.28"]
[Round "10.8"]
[White "Mehdi Hasan Parag"]
[Black "Chatterjee, Debaraj"]
[Result "0-1"]
[ECO "B90"]
[WhiteElo "2204"]
[BlackElo "2223"]
[Annotator "NA"]
[PlyCount "106"]
[EventDate "2021.03.19"]
[EventType "team-tourn"]
[EventCountry "BAN"]
[SourceTitle "playchess.com"]
[Source "ChessBase"]
[SourceQuality "1"]
[TimeControl "5400+30"]

1. e4 c5 2. Nf3 d6 3. d4 cxd4 4. Nxd4 Nf6 5. Nc3 a6 6. Be3 e5 7. Nb3 Be6 8. f3 h5 9. Nd5 Bxd5 10. exd5 Nbd7 11. Qd2 g6 12. O-O-O Nb6 13. Kb1 Nbxd5 14. Bg5 Be7 15. h4 O-O 16. g4 Nf4 17. Bxf4 exf4 18. Qxf4 Re8 19. Bc4 b5 20. Bd5 Nxd5 21. Rxd5 hxg4 22. h5 g5 23. Qxg4 Qc8 24. Rxg5+ Bxg5 25. Qxg5+ Kh7 26. Nd4 Re5 27. Qf6 Qe8 28. a3 Qe7 29. Qf4 Rg8 30. Qd2 Qf6 31. c3 Reg5 32. Ka2 Rg2 33. Qd3+ Kh8 34. Re1 Qg5 35. Nb3 Qf4 36. Re2 Rxe2 37. Qxe2 Qc4 38. Qd1 Qe6 39. Ka1 Rg2 40. Nd4 Qd5 41. Kb1 Rh2 42. Qe1 Qe5 43. Qd1 Qd5 44. Qe1 Qxh5 45. Qe8+ Kg7 46. Qc6 Qg6+ 47. Qe4 Qxe4+ 48. fxe4 Kf6 49. Ka2 Rh4 50. Nf5 Rxe4 51. Nxd6 Rh4 52. Kb3 Ke6 53. Nb7 Kd5 0-1